Map: 세룰리안 폴 - 래더

Players

MaSa

  • Race: Terran Terran
  • League: Master
  • Spawn Location: 1:00

herO - Winner!

  • Race: Protoss Protoss
  • Spawn Location: 7:00

Event: IEM Season 13 - Katowice Server Qualifiers America

VOD

Have the link to the VOD?

Description

Time

  • Played on: Jan. 6, 2019, 5:59 p.m.
  • Length: 9:52

All games in this series

Show
View Real Time Build Order
Export as new Build Order

MaSa Terran 

Build Orders:  

Get SALT Encoding   

  12  0:00  SCV  
  13  0:13  SCV  
  14  0:17  Supply Depot  
  14  0:25  SCV  
  15  0:39  SCV  
  15  0:40  Barracks  
  16  0:44  Refinery  
  16  0:51  SCV  
  17  1:03  SCV  
  18  1:15  SCV  
  19  1:27  Marine, Orbital Command  
  20  1:40  Command Center  
  20  1:45  Barracks Reactor  
  20  1:51  Supply Depot  
  20  1:53  SCV  
  21  2:05  SCV  
  22  2:14  Factory  
  22  2:17  SCV  
  22  2:21  Marine x2  
  25  2:32  SCV  
  26  2:39  Marine  
  26  2:44  Marine  
  28  2:47  SCV  
  28  2:48  Bunker  
  29  2:51  Orbital Command, Engineering Bay  
  29  2:56  Marine  
  29  2:57  Widow Mine  
  31  3:01  Marine  
  32  3:11  SCV  
  32  3:14  Marine  
  32  3:19  Marine  
  31  3:24  SCV  
  30  3:30  Factory Tech Lab  
  30  3:32  Marine, Missile Turret  
  30  3:37  Marine  
  30  3:40  SCV  
  32  3:48  Cyclone  
  32  3:50  SCV  
  32  3:51  Marine  
  32  3:52  SCV  
  32  3:55  Marine  
  39  4:03  SCV  
  39  4:06  Command Center  
  39  4:09  Marine  
  40  4:13  Marine, SCV, Supply Depot  
  40  4:24  SCV  
  40  4:25  Cyclone  
  40  4:28  Marine, SCV  
  40  4:31  Marine  
  41  4:40  SCV  
  41  4:43  SCV  
  40  4:46  Barracks, Refinery  
  40  4:47  Barracks  
  40  4:48  Marine  
  41  4:53  SCV  
  41  4:57  Cyclone  
  42  5:14  Marine x2  
  42  5:19  SCV  
  42  5:20  Orbital Command  
  44  5:30  SCV  
  45  5:35  Marine x2  
  45  5:36  Marine  
  48  5:44  SCV  
  48  5:46  Barracks Tech Lab  
  49  5:50  Orbital Command  
  49  5:53  SCV  
  49  5:56  SCV  
  51  5:58  Barracks Tech Lab  
  51  6:05  SCV  
  51  6:07  Marine x3  
  51  6:08  SCV  
  51  6:10  Starport  
  56  6:11  Factory Reactor  
  56  6:12  Terran Infantry Weapons Level 1  
  56  6:17  Marine, Stimpack  
  57  6:19  SCV  
  57  6:20  SCV  
  57  6:21  SCV  
  58  6:29  Marine x3, Bunker  
  58  6:31  SCV  
  58  6:32  SCV  
  62  6:34  SCV  
  62  6:35  Marine  
  64  6:41  Supply Depot  
  64  6:43  SCV  
  64  6:44  SCV, Supply Depot  
  64  6:45  Refinery  
  64  6:47  Marine x2  
  66  6:48  SCV  
  69  6:54  Supply Depot  
  69  7:00  Barracks  
  69  7:02  Marine x2, SCV  
  69  7:03  Factory Reactor  
  69  7:04  Marine, SCV x2  
  69  7:06  Barracks  
  75  7:12  Refinery  
  75  7:14  Armory, SCV  
  75  7:15  Engineering Bay  
  76  7:16  SCV  
  76  7:17  Medivac  
  76  7:18  Medivac  
  76  7:21  Marine  
  84  7:24  Marauder x2  
  84  7:26  SCV  
  84  7:28  SCV  
  84  7:29  SCV  
  89  7:33  Combat Shield  
  89  7:38  SCV  
  89  7:41  SCV  
  89  7:42  Marine  
  89  7:43  Widow Mine x2  
  93  7:49  SCV  
  93  7:50  Supply Depot  
  93  7:56  Terran Infantry Armor Level 1  
  93  7:59  Barracks Reactor  
  93  8:00  Barracks Tech Lab, Supply Depot  
  93  8:01  Supply Depot  
  93  8:04  Orbital Command  
  93  8:12  Marauder x2, Widow Mine x2, SCV  
  101  8:14  Marine x2  
  101  8:15  SCV  
  100  8:21  Medivac  
  100  8:24  SCV  
  101  8:27  SCV  
  101  8:28  Refinery  
  101  8:30  Refinery, SCV  
  101  8:31  Bunker  
  101  8:32  Marine x2  
  101  8:34  Marauder  
  107  8:36  Widow Mine, SCV  
  107  8:39  SCV  
  111  8:42  Missile Turret, Supply Depot  
  111  8:43  SCV  
  111  8:44  Supply Depot  
  112  8:48  SCV  
  112  8:51  SCV  
  112  8:52  Marine, Marauder  
  112  8:53  Marine x2  
  117  8:56  Marauder  
  117  8:57  SCV  
  117  9:00  SCV  
  116  9:04  Widow Mine x2  
  116  9:06  Supply Depot  
  116  9:09  Marauder  
  122  9:10  Ghost Academy  
  122  9:11  Supply Depot, Medivac  
  122  9:12  Medivac  
  122  9:16  Marine x2, Marauder  
  121  9:32  Marine x2  
Show
View Real Time Build Order
Export as new Build Order

herO Protoss - Winner!

Build Orders: Oracle Opening 

Get SALT Encoding   

  12  0:00  Probe  
  13  0:13  Probe  
  14  0:17  Pylon  
  14  0:24  Probe  
  15  0:32  Probe  
  15  0:37  Gateway  
  15  0:40  Probe  
  16  0:48  Assimilator  
  17  0:51  Probe  
  18  0:57  Assimilator  
  18  1:03  Probe  
  19  1:15  Probe  
  20  1:25  Cybernetics Core  
  20  1:27  Probe  
  20  1:28  Pylon  
  20  1:29  Zealot  
  23  1:46  Probe  
  24  1:52  Adept  
  24  1:58  Probe  
  27  2:02  Stargate  
  27  2:07  Pylon  
  27  2:09  Warp Gate  
  27  2:10  Probe  
  28  2:18  Adept  
  30  2:34  Oracle  
  32  2:57  Nexus  
  32  3:02  Oracle  
  32  3:04  Probe  
  34  3:13  Pylon  
  34  3:16  Probe  
  35  3:30  Probe  
  36  3:38  Gateway  
  36  3:39  Gateway  
  36  3:46  Oracle  
  39  3:51  Probe  
  40  3:57  Pylon  
  40  4:03  Probe  
  40  4:05  Probe  
  42  4:13  Probe, Stalker  
  42  4:15  Probe  
  46  4:24  Probe  
  46  4:28  Probe  
  48  4:31  Oracle  
  48  4:39  Probe  
  48  4:40  Probe  
  48  4:42  Stalker x2  
  54  4:48  Stalker  
  54  4:52  Probe  
  57  4:53  Probe  
  57  4:57  Pylon  
  58  5:04  Probe  
  58  5:05  Probe  
  58  5:17  Probe x2  
  58  5:21  Twilight Council  
  58  5:23  Forge  
  58  5:29  Probe x2  
  58  5:35  Nexus  
  60  5:41  Blink  
  60  5:44  Protoss Ground Weapons Level 1, Probe x2  
  60  5:47  Assimilator, Pylon  
  62  5:50  Pylon  
  62  5:56  Probe x2  
  64  6:04  Probe x2  
  64  6:06  Assimilator  
  66  6:12  Probe x2  
  66  6:16  Pylon  
  68  6:22  Probe x2  
  70  6:31  Stalker x3  
  76  6:35  Gateway  
  76  6:36  Gateway  
  76  6:37  Probe x2  
  76  6:39  Gateway  
  78  6:45  Gateway  
  78  6:49  Gateway  
  78  6:52  Probe x2  
  78  6:53  Probe  
  81  7:00  Sentry x3  
  87  7:06  Probe x2  
  87  7:07  Probe  
  90  7:08  Pylon  
  90  7:17  Pylon  
  90  7:19  Probe x3  
  90  7:21  Protoss Ground Weapons Level 2  
  93  7:26  Stalker x3  
  93  7:29  Robotics Facility  
  99  7:30  Pylon  
  99  7:32  Charge  
  99  7:37  Pylon  
  96  7:53  Stalker x5  
  96  7:54  Stalker  
  96  7:56  Zealot x2  
  112  8:00  Pylon  
  112  8:06  Pylon  
  112  8:07  Warp Prism  
  108  8:21  Stalker x2  
  108  8:22  Zealot x5  
  108  8:25  Zealot  
  122  8:36  Pylon  
  122  8:41  Pylon  
  122  8:46  Sentry, Stalker x2  
  122  8:47  Zealot x4, Pylon  
  136  8:50  Zealot  
  137  9:02  Observer  
  136  9:03  Nexus  
  135  9:15  Zealot x4  
  135  9:16  Zealot x2  
  147  9:25  Pylon  
  147  9:26  Pylon  
  127  9:44  Zealot x8  

Tags
 
Add a new tag
Caveats
  • Supply blocks, unpowered buildings, or Contaminate may cause inaccurate times.
  • Supply counts are checked every 10 seconds.